AoeStats
← QNa_NguaHoang

Black Forest

508170839Analyzed
4v4 RM · 11d ago on Sep 21, 2026· 48m 12s· 8 players
Game mode
Random Map
Map size
Large (8 player)
Population
200
Speed
Normal
Resources
Standard
Victory
Conquest
Starting age
Dark Age
Ending age
Imperial Age
RankedLock teamsTeams togetherTeam positionsShared explorationLock speedFull tech treeHidden civsTurbo modeCheats
Victory
Defeat
🇹🇼 Chinese · Taiwan
1415
+12
🇨🇳 Bulgarians · China
1373
+14
🇩🇪 Italians · Germany
1249
+19
🇻🇳 Persians · Vietnam
1229
+20
🇹🇼 Inca · Taiwan
1358
-18
🇩🇪 Bohemians · Germany
1338
-17
🇯🇵 Maya · Japan
1313
-16
🇨🇳 Mongols · China
1259
-14
タンヤ
0:44 Loom
13:12 Feudal Age
20:20 Fletching
25:36 Castle Age
23:47 Double-Bit Axe
27:50 Bodkin Arrow
41:52 Bow Saw
41:25 Horse Collar
48:02 Wheelbarrow
4♚Dreams
5:05 Loom
12:40 Feudal Age
13:28 Horse Collar
13:36 Double-Bit Axe
14:36 Fishing Lines
20:10 Castle Age
18:33 Scale Barding Armor
19:24 Forging
22:48 Husbandry
27:24 Wheelbarrow
30:08 Hand Cart
38:33 Imperial Age
37:10 Bow Saw
37:39 Heavy Plow
39:17 Squires
38:39 Pikeman
39:46 Heavy Scorpion
40:39 Fortified Wall
40:50 Ballistics
41:30 Chemistry
41:04 Conscription
40:57 Wagenburg Tactics
41:49 Halberdier
46:42 Scale Mail Armor
biubiu
0:26 Loom
1:11 Loom
15:26 Feudal Age
24:22 Castle Age
22:08 Double-Bit Axe
22:08 Horse Collar
22:09 Fishing Lines
25:40 Wheelbarrow
27:15 Stone Mining
33:47 Fletching
36:50 Bloodlines
38:21 Wheelbarrow
40:31 Hand Cart
40:27 Bow Saw
41:46 Husbandry
41:44 Bodkin Arrow
48:51 Imperial Age
Keishi
0:26 Loom
13:37 Feudal Age
14:46 Double-Bit Axe
17:14 Castle Age
15:43 Fletching
15:50 Stone Mining
16:51 Gold Mining
19:20 Bow Saw
21:24 Bodkin Arrow
26:47 Padded Archer Armor
32:53 Imperial Age
30:13 Town Watch
31:03 Wheelbarrow
32:43 Stone Shaft Mining
32:46 Hand Cart
33:38 Leather Archer Armor
33:40 Bracer
33:35 Capped Ram
35:58 Conscription
36:35 Eagle Warrior
39:00 Two-Man Saw
39:15 Ring Archer Armor
38:59 Elite Plumed Archer
40:55 Eagle Warrior
41:35 Squires
41:21 Arson
42:09 Holcans
42:22 Scale Mail Armor
42:33 Forging
42:08 Elite Eagle Warrior
43:28 Chain Mail Armor
43:07 Pikeman
44:35 Iron Casting
45:18 Halberdier
Marv
2:18 Loom
13:59 Feudal Age
17:35 Castle Age
15:33 Double-Bit Axe
17:24 Scale Barding Armor
17:41 Forging
22:56 Bloodlines
23:32 Husbandry
25:18 Fishing Lines
28:47 Town Watch
29:53 Gillnets
31:28 Chain Barding Armor
35:34 Wheelbarrow
34:45 Treadmill Crane
38:56 Imperial Age
37:24 Iron Casting
37:25 Fletching
37:57 Ballistics
37:32 Murder Holes
37:48 Fortified Wall
38:32 Fervor
38:56 Silk Road
39:00 Cavalier
40:54 Plate Barding Armor
41:20 Blast Furnace
42:39 Chemistry
41:36 Bodkin Arrow
45:10 Caravan
45:21 Guilds
45:56 Bracer
BaiKai AOE
0:26 Loom
11:49 Feudal Age
15:53 Castle Age
14:42 Double-Bit Axe
14:40 Horse Collar
16:50 Bow Saw
16:55 Heavy Plow
20:23 Wheelbarrow
24:31 Scale Barding Armor
25:30 Forging
27:08 Fletching
28:10 Chain Barding Armor
29:28 Town Watch
30:26 Bloodlines
30:40 Husbandry
30:38 Fishing Lines
32:10 Hand Cart
32:58 Bodkin Arrow
37:18 Imperial Age
35:42 Padded Archer Armor
36:18 Iron Casting
36:10 Stone Mining
36:13 Gold Mining
36:34 Gillnets
38:07 Bracer
39:39 Two-Man Saw
38:02 Elite Skirmisher
39:50 Chemistry
38:36 Cavalier
39:24 Great Wall
40:14 Leather Archer Armor
40:33 Ballistics
40:56 Thumb Ring
41:32 Plate Barding Armor
42:09 Stone Shaft Mining
44:26 Masonry
47:27 Conscription
46:56 Light Cavalry
[GRs]KillerJerry
1:16 Loom
10:11 Feudal Age
11:10 Double-Bit Axe
12:27 Fletching
16:43 Scale Mail Armor
18:39 Forging
18:16 Arson
23:09 Castle Age
22:26 Horse Collar
24:36 Bow Saw
24:26 Heavy Plow
24:24 Bodkin Arrow
26:10 Wheelbarrow
26:20 Guard Tower
28:36 Hand Cart
28:28 Stone Mining
35:02 Padded Archer Armor
35:59 Murder Holes
36:10 Gold Mining
36:22 Elite Skirmisher
40:08 Imperial Age
38:11 Leather Archer Armor
39:04 Thumb Ring
39:56 Stone Shaft Mining
39:57 Gold Shaft Mining
39:45 Scale Barding Armor
39:47 Town Watch
41:08 Iron Casting
41:13 Chain Barding Armor
40:56 Bracer
41:27 Bloodlines
41:40 Husbandry
41:48 Light Cavalry
43:05 Plate Barding Armor
44:07 Blast Furnace
42:40 Capped Ram
48:09 Hussar
QNa_NguaHoang
2:45 Loom
9:42 Feudal Age
15:40 Double-Bit Axe
18:43 Horse Collar
19:59 Fletching
20:09 Padded Archer Armor
25:01 Castle Age
24:21 Wheelbarrow
26:43 Bow Saw
26:34 Heavy Plow
26:27 Gold Mining
26:23 Crossbowman
27:10 Thumb Ring
27:02 Bodkin Arrow
27:22 Leather Archer Armor
28:28 Stone Mining
30:50 Ballistics
35:54 Gold Shaft Mining
36:12 Stone Shaft Mining
36:12 Kamandaran
37:24 Hand Cart
39:50 Imperial Age
38:59 Scale Barding Armor
39:05 Forging
40:12 Chain Barding Armor
40:29 Iron Casting
40:04 Fishing Lines
39:55 Elite War Elephant
41:04 Conscription
41:52 Crop Rotation
42:12 Plate Barding Armor
41:49 Bloodlines
43:10 Chemistry
44:12 Blast Furnace
43:31 Husbandry
46:41 Ring Archer Armor
49:23 Two-Man Saw
Connection lost

Rejoining the realm…

Still unreachable

The connection could not be restored.

Session expired

The server has moved on; the page needs a fresh start.